 Dungeon Crawl Stone Soup version 0.31-a0-344-gd109795599 (webtiles) character file.

Game seed: 293356632379170882

123003 promet the Thrower (level 16, 0/127 HPs)
             Began as a Gnoll Wanderer on July 21, 2023.
             Was the Champion of Cheibriados.
             Slain by a spriggan rider
             ... wielding a +0 spear
              (11 damage)
             ... on level 2 of the Swamp on July 22, 2023.
             The game lasted 06:21:59 (58225 turns).

promet the Thrower (Gnoll Wanderer)                Turns: 58225, Time: 06:22:00

Health: 0/127      AC: 25    Str: 35    XL:     16   Next: 89%
Magic:  0/41       EV: 20    Int: 42    God:    Cheibriados [******]
Gold:   301        SH:  0    Dex: 28    Spells: 0/39 levels left

rFire   + + .        b - +2 arbalest (drain)
rCold   + . .        (shield currently unavailable)
rNeg    . . .        J - +3 chain mail {rF+}
rPois   .            H - +2 helmet {Int+3}
rElec   .            z - scarf of Hadjma {rC+ rF+, Drain Str+3 Int+3}
rCorr   .            k - +2 pair of gloves
SInv    .            X - +2 pair of boots
Will    +....        y - amulet of guardian spirit
Stlth   ++           D - ring of magical power
HPRegen 0.41/turn    n - +6 ring of strength
MPRegen 0.27/turn

%: guardian spirit
@: invisible, unable to read, very slow
A: fangs 1, strong nose, distributed training, claws 1, clever 1, screaming 1,
inability to read after injury 1
a: Renounce Religion, Bend Time, Temporal Distortion, Slouch, Step From Time


You were on level 2 of the Swamp.
You worshipped Cheibriados.
Cheibriados was exalted by your worship.
You visited 4 branches of the dungeon, and saw 24 of its levels.

You collected 2580 gold pieces.
You spent 2279 gold pieces at shops.

Inventory:

Hand Weapons
 a - a +2 heavy great sword
 b - a +2 arbalest of draining (weapon)
 c - a +2 rapier of electrocution
 d - a +1 heavy morningstar
 e - the +3 war axe of Joqasom {elec, rC++ Will+}
   (You found it on level 5 of the Lair of Beasts)

   rC:        It greatly protects you from cold.
   Will:      It increases your willpower.
 j - the +1 long sword of Vodka {heavy, rF- Str+3 Dex+7 Stlth+}
   (You found it on level 14 of the Dungeon)

   Str:       It affects your strength (+3).
   Dex:       It affects your dexterity (+7).
   rF:        It makes you vulnerable to fire.
   Stlth:     It makes you more stealthy.
 A - the +5 demon whip "Spellbinder" {antimagic, disrupt, Will+}
   (You found it on level 12 of the Dungeon)

   Will:      It increases your willpower.
 P - a +5 great sword of flaming
Missiles
 q - 172 stones
 t - 6 curare-tipped darts
 x - 62 poisoned darts
 K - 3 throwing nets
Armour
 i - a +0 tower shield
 k - a +2 pair of gloves (worn)
 z - the scarf of Hadjma (worn) {rC+ rF+, Drain Str+3 Int+3}
   (You found it on level 2 of the Swamp)

   Str:       It affects your strength (+3).
   Int:       It affects your intelligence (+3).
   Drain:     It drains your maximum health when unequipped.
 H - a +2 helmet of intelligence (worn)
 J - a +3 chain mail of fire resistance (worn)
 X - a +2 pair of boots (worn)
Magical Staves
 s - a staff of poison
 B - a staff of conjuration
 L - a staff of death
Jewellery
 n - a +6 ring of strength (right hand)
 u - a ring of see invisible
 y - an amulet of guardian spirit (around neck)
 D - a ring of magical power (left hand)
 F - a ring of willpower
 I - a ring of ice
 T - a ring of fire
Wands
 g - a wand of digging (7)
 r - a wand of roots (9)
 w - a wand of paralysis (6)
 C - a wand of polymorph (15)
 G - a wand of flame (29)
 O - a wand of quicksilver (13)
 V - a wand of mindburst (10)
Scrolls
 l - 3 scrolls of teleportation
 m - 4 scrolls of revelation
 M - a scroll of amnesia
 Q - 3 scrolls of fog
 U - a scroll of poison
Potions
 f - a potion of curing
 h - 2 potions of might
 o - 4 potions of attraction
 p - 2 potions of invisibility
 v - 2 potions of lignification
 E - 4 potions of cancellation
 S - 4 potions of brilliance
 Z - 5 potions of enlightenment
Miscellaneous
 Y - a tin of tremorstones (2/2)


   Skills:
 + Level 11.7 Fighting
 + Level 11.4 Short Blades
 + Level 11.4 Long Blades
 + Level 11.4 Axes
 + Level 11.4 Maces & Flails
 + Level 11.4 Polearms
 + Level 11.4 Staves
 + Level 11.4 Ranged Weapons
 + Level 13.1 Throwing
 + Level 11.4 Armour
 + Level 11.7 Dodging
 + Level 11.7 Stealth
 + Level 11.4 Shields
 + Level 11.4 Unarmed Combat
 + Level 12.4 Spellcasting
 + Level 9.6 Conjurations
 + Level 9.9 Hexes
 + Level 9.6 Summonings
 + Level 9.6 Necromancy
 + Level 9.6 Translocations
 + Level 9.6 Transmutations
 + Level 9.6 Fire Magic
 + Level 9.6 Ice Magic
 + Level 9.6 Air Magic
 + Level 9.6 Earth Magic
 + Level 9.6 Poison Magic
 + Level 12.7 Invocations
 + Level 11.4 Evocations
 + Level 9.6 Shapeshifting


You couldn't memorise any spells.
You knew the following spells:

 Your Spells              Type           Power      Damage    Failure   Level
a - Slow                  Hex            100%       N/A       1%          1
b - Tukima's Dance        Hex            83%        N/A       1%          3
c - Gell's Gravitas       Tloc           82%        N/A       1%          3
d - Passage of Golubria   Tloc           82%        N/A       1%          4
e - Teleport Other        Tloc           82%        N/A       1%          3
f - Yara's Violent Unrav  Hex/Tmut       41%        3d16      1%          5
g - Vampiric Draining     Necr           82%        2d11      1%          3
h - Agony                 Necr           82%        N/A       1%          5
i - Fireball              Conj/Fire      41%        3d17      1%          5
j - Airstrike             Air            41%        2d(6-22)  1%          4
k - Stone Arrow           Conj/Erth      100%       3d13      1%          3

Your spell library contained the following spells:

 Spells                   Type           Power      Damage    Failure   Level
 Necrotise                Necr           100%       1d9       1%          1
 Static Discharge         Conj/Air       100%       2-7/arc   1%          2
 Inner Flame              Hex/Fire       83%        N/A       1%          3
 Animate Armour           Summ/Erth      100%       N/A       1%          4
 Cause Fear               Hex            41%        N/A       1%          4
 Fulminant Prism          Conj/Hex       41%        3d19      1%          4
 Petrify                  Tmut/Erth      82%        N/A       1%          4
 Summon Lightning Spire   Summ/Air       82%        N/A       1%          4
 Iskenderun's Battlesphe  Conj           82%        2d13      1%          5
 Conjure Ball Lightning   Conj/Air       41%        3x3d13    10%         6
 Dispersal                Tloc           41%        N/A       10%         6
 Orb of Destruction       Conj           41%        9d11      45%         7
 Lehudib's Crystal Spear  Conj/Erth      41%        10d10     99%         8
 Dragon's Call            Summ           41%        N/A       100%        9
 Shatter                  Erth           41%        3d32*     100%        9


Dungeon Overview and Level Annotations

Branches:
Dungeon (15/15)            Temple (0/1) D:7            Lair (5/5) D:11
  Swamp (2/4) Lair:2       Spider (0/4) Lair:3        Slime (0/5) Lair:4
    Orc (2/2) D:11            Elf (0/3) Orc:2        Vaults (0/5) D:14
 Depths (0/4) D:15

Altars:
Cheibriados
Fedhas
Qazlal
Uskayaw
Wu Jian
Jiyva

Shops:
D:1 ?   D:5 [   D:10 (   D:14 *   D:15 :   Orc:2 :[*(

Annotations:
D:12 3 runed translucent doors
Lair:2 1 runed translucent door, epsilonplus's ghost, journeyman OgFi
Swamp:2 Aizul


Innate Abilities, Weirdness & Mutations

You have very sharp teeth.
Your uncanny sense of smell can sniff out nearby items.
Your experience applies equally to all skills.
You have sharp fingernails.
Your mind is acute. (Int +4, Str/Dex -1)
You occasionally shout uncontrollably at your foes.
You occasionally lose the ability to read scrolls when taking damage.


Message History

You feel better.
You are engulfed in poison gas.
You are poisoned.
You feel very sick. Aizul casts a spell at you.
The bolt of poison hits the swamp dragon.
The swamp dragon is poisoned.
The bolt of poison hits you!!
You are more poisoned.
You feel threatened and lose the ability to read scrolls!
You cannot read scrolls in your current state!
You fade into invisibility!
You feel very sick.
The spriggan rider is engulfed in poison gas.
The spriggan rider is poisoned.
An eleionoma comes into view.
The swamp dragon breathes poison at you.
The blast of poison misses you.
The spriggan rider is engulfed in poison gas.
The spriggan rider looks even sicker.
You are more poisoned.
* * * LOW HITPOINT WARNING * * *
x2 You feel extremely sick.
The spriggan rider misses you.
The spriggan rider completely misses you.
You enter the shallow water.
Moving in this stuff is going to be slow. ...and don't expect to remain undetected.
* * * LOW HITPOINT WARNING * * *
You feel extremely sick.
The eleionoma shouts!
Aizul yawns, and then pretends she didn't.
The spriggan rider completely misses you.
Aizul casts a spell at you. The bolt of poison hits you!!
You are lethally poisoned!
* * * LOW HITPOINT WARNING * * *
The spriggan rider hits you from afar with a +0 spear.
* * * LOW HITPOINT WARNING * * *
You cannot read scrolls in your current state!
You feel better. Aizul closely misses you.
The spriggan rider hits you from afar with a +0 spear!
You die...

♣~.♣
♣.~§~~~.~.~
♣~?♣ ♣~.
.♣~.♣~~
♣♣♣.<♣ ..§
♣~. ♣♣....♣
.. ~~.~
♣...~~♣♣ .
.~~..
♣♣..§~.♣
.~~~.
♣.§~.♣♣ ~~§
♣.~~.♣ ~~~
♣♣°~@.♣ ~~~
♣>°~SD♣
♣.i~i♣♣
♣.°~°i♣
♣♣..RF.~
♣.....♣♣♣ ∆
..[....♣
♣......♣≈
........≈≈≈


You could see Aizul, an eleionoma, a swamp dragon (poisoned), 3 spriggan riders
and a goliath frog.

Vanquished Creatures
  Saint Roka (Orc:2)
  Jorgrun (D:13)
  A sphinx (D:12)
  A fenstrider witch (Swamp:2)
  An orc warlord (Orc:2)
  Louise (D:15)
  A bunyip (Swamp:1)
  2 fire dragons
  Josephine (D:12)
  2 ice dragons
  A deep elf high priest (D:14)
  A ghost crab (Lair:2)
  5 hydras
  10 centaur warriors
  3 catoblepae
  6 two-headed ogres
  7 boulder beetles
  3 tengu warriors
  Urug (Orc:2)
  An alligator (Swamp:1)
  2 orc high priests
  A hell knight (D:12)
  A shadow wraith (D:14)
  4 skeletal warriors
  A skyshark (Lair:5)
  A spriggan druid (Swamp:1)
  3 bog bodies (Swamp:1)
  2 wizards (D:14)
  A phantasmal warrior (D:12)
  3 orc knights
  6 manticores
  3 will-o-the-wisps
  5 deep elf pyromancers
  4 orc sorcerers (Orc:2)
  12 ugly things
  An oklob plant (Lair:1)
  8 cyclopes
  A wolf spider (D:15)
  4 black mambas
  An ice statue (Lair:4)
  8 elephants
  An eye of devastation (shapeshifter) (D:12)
  5 gargoyles (D:12)
  A molten gargoyle (Lair:4)
  13 cane toads
  A kobold demonologist (D:11)
  A cane toad (shapeshifter) (D:14)
  4 efreet
  6 rime drakes
  9 komodo dragons
  A tengu conjurer (D:14)
  4 freezing wraiths
  2 ice devils (Lair:2)
  5 polar bears
  3 meliai (D:14)
  3 tyrant leeches (Swamp:1)
  10 hornets
  8 trolls
  10 dream sheep
  6 blink frogs
  2 jumping spiders (Lair:3)
  A centaur simulacrum (D:14)
  5 slime creatures
  A shadow (D:9)
  22 spriggans
  9 wraiths
  50 yaks
  2 vampires (D:14)
  A wyvern (Lair:5)
  4 basilisks
  A spectral komodo dragon (Lair:2)
  2 redbacks (Lair:3)
  A steam dragon (D:9)
  4 fire bats (Lair:4)
  23 vampire mosquitoes
  A warg (Orc:2)
  A redback simulacrum (D:13)
  A spectral cane toad (Lair:2)
  7 swamp worms
  2 acid dragons
  9 water moccasins
  A spectral yak (Lair:2)
  A spectral torpor snail (Lair:2)
  11 ice beasts
  36 orc warriors
  10 black bears
  11 ogres
  35 wolves
  5 boggarts
  17 centaurs
  3 phantoms
  5 kobold brigands
  12 bullfrogs
  Blork the orc (Orc:2)
  3 scorpions
  3 jellies
  11 killer bees
  5 electric eels (D:12)
  9 howler monkeys
  16 orc priests
  A hound (D:5)
  5 gnoll boudas
  An iguana (D:7)
  3 sleepcaps
  20 orc wizards
  26 gnolls
  12 adders
  2 white imps
  A worm (D:3)
  56 orcs
  7 ball pythons
  9 bats
  9 endoplasms
  13 giant cockroaches (D:2)
  8 goblins
  8 hobgoblins
  11 jackals
  7 quokkas
  2 frilled lizards (D:2)
  31 kobolds
  7 rats
798 creatures vanquished.

Vanquished Creatures (collateral kills)
  Lodul (D:13)
  An orc knight (D:15)
  Maggie (Lair:2)
  3 orc warriors
  2 ogres (D:9)
  A centaur (D:9)
  2 gnoll sergeants (D:10)
  An orc priest (D:8)
  3 gnolls
  2 orcs
  5 kobolds
22 creatures vanquished.

Vanquished Creatures (others)
  A wizard (D:14)
  A bloated husk (Swamp:2)
  A blink frog (Lair:5)
  11 dancing weapons
  2 orcs (Orc:2)
  10 foxfires
26 creatures vanquished.

Grand Total: 846 creatures vanquished

Notes
Turn   | Place    | Note
-------+----------+-------------------------------------------
     0 | D:1      | promet the Gnoll Wanderer began the quest for the Orb.
     0 | D:1      | promet set off with the following items: a +2 dagger, a
                  | curare-tipped dart, a +0 cloak, a scroll of butterflies, a
                  | +0 robe; and the following spell memorised: Slow; and the
                  | following spells available to memorise: Inner Flame.
     0 | D:1      | Reached XP level 1. HP: 17/17 MP: 6/6
   402 | D:1      | Reached XP level 2. HP: 23/23 MP: 5/7
  1124 | D:1      | Reached XP level 3. HP: 28/28 MP: 7/9
  1158 | D:1      | Reached skill level 5 in Spellcasting
  1189 | D:1      | Found Plog's Magic Scroll Emporium.
  1217 | D:1      | Bought a scroll of teleportation for 30 gold pieces
  1453 | D:2      | Learned a level 3 spell: Tukima's Dance
  2025 | D:2      | Found a snail-covered altar of Cheibriados.
  2043 | D:2      | Reached skill level 1 in Short Blades
  2043 | D:2      | Reached skill level 1 in Long Blades
  2043 | D:2      | Reached skill level 1 in Axes
  2043 | D:2      | Reached skill level 1 in Maces & Flails
  2043 | D:2      | Reached skill level 1 in Polearms
  2043 | D:2      | Reached skill level 1 in Staves
  2043 | D:2      | Reached skill level 1 in Ranged Weapons
  2043 | D:2      | Reached skill level 1 in Armour
  2043 | D:2      | Reached skill level 1 in Shields
  2043 | D:2      | Reached skill level 1 in Unarmed Combat
  2043 | D:2      | Reached skill level 1 in Evocations
  2069 | D:2      | Became a worshipper of Cheibriados the Contemplative
  2360 | D:2      | Reached XP level 4. HP: 34/34 MP: 11/11
  2960 | D:2      | Reached * piety under Cheibriados
  3290 | D:2      | Reached skill level 1 in Conjurations
  3290 | D:2      | Reached skill level 1 in Summonings
  3290 | D:2      | Reached skill level 1 in Necromancy
  3290 | D:2      | Reached skill level 1 in Translocations
  3290 | D:2      | Reached skill level 1 in Transmutations
  3290 | D:2      | Reached skill level 1 in Fire Magic
  3290 | D:2      | Reached skill level 1 in Ice Magic
  3290 | D:2      | Reached skill level 1 in Air Magic
  3290 | D:2      | Reached skill level 1 in Earth Magic
  3290 | D:2      | Reached skill level 1 in Poison Magic
  3290 | D:2      | Reached skill level 1 in Shapeshifting
  3905 | D:3      | Reached XP level 5. HP: 27/41 MP: 10/12
  4098 | D:3      | Reached ** piety under Cheibriados
  4978 | D:4      | Reached XP level 6. HP: 47/47 MP: 10/13
  5563 | D:4      | Learned a level 3 spell: Gell's Gravitas
  5568 | D:4      | Learned a level 4 spell: Passage of Golubria
  5572 | D:4      | Learned a level 3 spell: Teleport Other
  5848 | D:5      | Entered Level 5 of the Dungeon
  5859 | D:5      | Reached XP level 7. HP: 52/52 MP: 15/15
  5882 | D:5      | Reached skill level 7 in Throwing
  5946 | D:5      | Gained mutation: Your mind is acute. (Int +4, Str/Dex -1)
                  | [potion of mutation]
  5946 | D:5      | Gained mutation: You have sharp fingernails. [potion of
                  | mutation]
  6087 | D:5      | Found Zevialu's Antique Armour Shop.
  6798 | D:5      | Bought a warped scarf for 220 gold pieces
  6798 | D:5      | Identified the scarf of Absence {shadows, *Corrode Will+++
                  | MP-9 Slay+6} (You bought it in a shop on level 5 of the
                  | Dungeon)
  7766 | D:6      | Reached XP level 8. HP: 52/60 MP: 9/16
  7923 | D:5      | Reached *** piety under Cheibriados
 10024 | D:7      | Found a blossoming altar of Fedhas.
 10776 | D:7      | Reached skill level 5 in Invocations
 11248 | D:7      | Reached XP level 9. HP: 56/66 MP: 9/18
 11800 | D:7      | Found a staircase to the Ecumenical Temple.
 11823 | D:7      | Upgraded the game from 0.31-a0-339-gda1cbd555d to
                  | 0.31-a0-344-gd109795599
 12056 | D:8      | Reached **** piety under Cheibriados
 12288 | D:8      | Reached skill level 5 in Fighting
 12288 | D:8      | Reached skill level 5 in Dodging
 12778 | D:8      | Reached skill level 5 in Stealth
 12892 | D:8      | You fall into a shaft and drop 3 floors!
 12910 | D:11     | Noticed a hornet
 12922 | D:10     | Entered Level 10 of the Dungeon
 12932 | D:10     | Found Moangozi's Weapon Boutique.
 13639 | D:8      | Reached skill level 8 in Throwing
 13868 | D:9      | Found a stormy altar of Qazlal.
 14518 | D:9      | Found a hide-covered altar of Uskayaw.
 14805 | D:9      | Reached ***** piety under Cheibriados
 14961 | D:9      | Reached XP level 10. HP: 63/75 MP: 13/20
 15190 | D:9      | Reached skill level 5 in Short Blades
 15190 | D:9      | Reached skill level 5 in Long Blades
 15190 | D:9      | Reached skill level 5 in Axes
 15190 | D:9      | Reached skill level 5 in Maces & Flails
 15190 | D:9      | Reached skill level 5 in Polearms
 15190 | D:9      | Reached skill level 5 in Staves
 15190 | D:9      | Reached skill level 5 in Ranged Weapons
 15190 | D:9      | Reached skill level 5 in Armour
 15190 | D:9      | Reached skill level 5 in Shields
 15190 | D:9      | Reached skill level 5 in Unarmed Combat
 15190 | D:9      | Reached skill level 5 in Evocations
 16731 | D:10     | Noticed a two-headed ogre
 16744 | D:10     | Killed a two-headed ogre
 16745 | D:10     | Reached skill level 5 in Hexes
 17556 | D:10     | Learned a level 5 spell: Yara's Violent Unravelling
 17572 | D:10     | Noticed a two-headed ogre
 18272 | D:10     | Reached XP level 11. HP: 56/83 MP: 11/22
 18506 | D:10     | Reached skill level 9 in Throwing
 18677 | D:10     | Killed a two-headed ogre
 18678 | D:10     | Reached skill level 5 in Conjurations
 18678 | D:10     | Reached skill level 5 in Summonings
 18678 | D:10     | Reached skill level 5 in Necromancy
 18678 | D:10     | Reached skill level 5 in Translocations
 18678 | D:10     | Reached skill level 5 in Transmutations
 18678 | D:10     | Reached skill level 5 in Fire Magic
 18678 | D:10     | Reached skill level 5 in Ice Magic
 18678 | D:10     | Reached skill level 5 in Air Magic
 18678 | D:10     | Reached skill level 5 in Earth Magic
 18678 | D:10     | Reached skill level 5 in Poison Magic
 18678 | D:10     | Reached skill level 5 in Shapeshifting
 19205 | D:11     | Noticed a brown ugly thing
 19330 | D:11     | Found a staircase to the Orcish Mines.
 19456 | D:11     | Killed a brown ugly thing
 19677 | D:11     | Noticed a manticore
 19689 | D:11     | Killed a manticore
 20202 | D:11     | Reached ****** piety under Cheibriados
 20423 | D:11     | Found a staircase to the Lair.
 21163 | Lair:1   | Entered Level 1 of the Lair of Beasts
 21684 | Lair:1   | Reached XP level 12. HP: 91/91 MP: 24/24
 22285 | Lair:1   | Identified the +11 broad axe of Disaster {freeze, Drain rF+
                  | Dex+2}
 22385 | Lair:1   | Learned a level 3 spell: Vampiric Draining
 23557 | Lair:2   | Reached skill level 10 in Throwing
 24279 | Lair:2   | Noticed Maggie
 24286 | Lair:2   | Killed Maggie
 24584 | Lair:2   | Found a runed translucent door.
 24598 | Lair:2   | Noticed epsilonplus's ghost (journeyman OgFi)
 24600 | Lair:2   | Identified the +8 spear "Koenluf" {venom, rF+}
 25015 | Lair:2   | Found a staircase to the Swamp.
 25015 | Lair:2   | Noticed a ghost crab
 25039 | Lair:2   | Killed a ghost crab
 25829 | Lair:2   | Reached XP level 13. HP: 89/99 MP: 24/26
 26606 | Lair:3   | Found a hole to the Spider Nest.
 28840 | Lair:4   | Found a viscous altar of Jiyva.
 28841 | Lair:4   | Found a staircase to the Slime Pits.
 28912 | Lair:4   | Reached skill level 10 in Spellcasting
 29771 | Lair:4   | Learned a level 5 spell: Agony
 30525 | Lair:5   | Entered Level 5 of the Lair of Beasts
 30806 | Lair:5   | Reached skill level 10 in Invocations
 31025 | Lair:5   | Reached skill level 11 in Throwing
 31589 | Lair:5   | Reached XP level 14. HP: 108/108 MP: 19/28
 34389 | Lair:5   | Identified the +3 war axe of Joqasom {elec, rC++ Will+}
 34626 | Orc:1    | Entered Level 1 of the Orcish Mines
 35383 | Orc:2    | Entered Level 2 of the Orcish Mines
 35588 | Orc:2    | Noticed an orc warlord
 36251 | Orc:2    | Noticed Blork the orc
 36256 | Orc:2    | Killed Blork the orc
 37101 | Orc:2    | Noticed Saint Roka
 37346 | Orc:2    | Reached skill level 10 in Fighting
 37346 | Orc:2    | Reached skill level 10 in Dodging
 38370 | Orc:2    | Killed an orc warlord
 38673 | Orc:2    | Reached skill level 10 in Stealth
 38778 | Orc:2    | Noticed Urug
 38784 | Orc:2    | Killed Urug
 39350 | Orc:2    | Found Mecaok's Antique Weapon Shop.
 39374 | Orc:2    | Killed Saint Roka
 39769 | Orc:2    | Found a staircase to the Elven Halls.
 39915 | Orc:2    | Found Unlutuak's General Store.
 39921 | Orc:2    | Bought a potion of heal wounds for 65 gold pieces
 39946 | Orc:2    | Found Aclecevou's Book Shop.
 39953 | Orc:2    | Bought a book of the Dragon for 462 gold pieces
 39960 | Orc:2    | Learned a level 5 spell: Fireball
 39969 | Orc:2    | Found Enagg's Antique Armour Shop.
 39976 | Orc:2    | Bought a pair of boots for 139 gold pieces
 40031 | Orc:2    | Bought a tin of tremorstones (2/2) for 520 gold pieces
 40927 | D:12     | Noticed Josephine
 40941 | D:12     | Killed Josephine
 40954 | D:12     | Reached XP level 15. HP: 96/112 MP: 23/30
 41544 | D:12     | Reached skill level 10 in Short Blades
 41544 | D:12     | Reached skill level 10 in Long Blades
 41544 | D:12     | Reached skill level 10 in Axes
 41544 | D:12     | Reached skill level 10 in Maces & Flails
 41544 | D:12     | Reached skill level 10 in Polearms
 41544 | D:12     | Reached skill level 10 in Staves
 41544 | D:12     | Reached skill level 10 in Ranged Weapons
 41544 | D:12     | Reached skill level 10 in Armour
 41544 | D:12     | Reached skill level 10 in Shields
 41544 | D:12     | Reached skill level 10 in Unarmed Combat
 41544 | D:12     | Reached skill level 10 in Evocations
 42266 | D:12     | Reached skill level 12 in Throwing
 42499 | D:12     | Noticed a sphinx
 42609 | D:12     | Identified the +1 robe of Quantum Leap {Harm +Blink Dex+3
                  | SInv}
 42610 | D:12     | Found a runed translucent gate.
 42610 | D:12     | Found a runed translucent gate.
 42610 | D:12     | Found a runed translucent gate.
 42661 | D:12     | Found a runed translucent gate.
 42661 | D:12     | Found a runed translucent gate.
 42661 | D:12     | Found a runed translucent gate.
 42666 | D:12     | Found the +5 demon whip "Spellbinder" {antimagic, disrupt,
                  | Will+}
 42942 | D:1      | Bought a scroll of fear for 40 gold pieces
 42942 | D:1      | Bought a scroll of teleportation for 30 gold pieces
 42942 | D:1      | Bought a scroll of teleportation for 30 gold pieces
 42942 | D:1      | Bought a scroll of silence for 95 gold pieces
 43534 | D:12     | Killed a sphinx
 44001 | D:12     | Gained mutation: You occasionally shout uncontrollably at
                  | your foes. [you]
 44136 | D:12     | Got the Meditations on the Barrage and Talus
 44232 | D:13     | Noticed Lodul
 45437 | D:13     | Killed Lodul
 46043 | D:13     | Noticed Jorgrun
 46054 | D:13     | Killed Jorgrun
 47412 | D:14     | Identified the +1 long sword of Vodka {heavy, rF- Str+3
                  | Dex+7 Stlth+}
 47586 | D:14     | Found a gate to the Vaults.
 48619 | D:14     | Found Royfoegh's Assorted Antiques.
 50067 | D:14     | Learned a level 4 spell: Airstrike
 50372 | D:14     | Reached XP level 16. HP: 125/125 MP: 22/31
 52227 | D:15     | Entered Level 15 of the Dungeon
 52287 | D:15     | Found an ornate altar of the Wu Jian Council.
 53176 | D:15     | Found a staircase to the Depths.
 53402 | D:15     | Noticed Louise
 53414 | D:15     | Killed Louise
 53989 | D:15     | Found Dounam's Book Emporium.
 54012 | D:15     | Bought a book of Armaments for 648 gold pieces
 54016 | D:15     | Learned a level 3 spell: Stone Arrow
 54359 | Swamp:1  | Entered Level 1 of the Swamp
 54502 | Swamp:1  | Gained mutation: You occasionally lose the ability to read
                  | scrolls when taking damage. [you]
 56420 | Swamp:2  | Reached skill level 13 in Throwing
 57565 | Swamp:2  | Noticed a fenstrider witch
 57582 | Swamp:2  | Killed a fenstrider witch
 57890 | Swamp:2  | Identified the scarf of Hadjma {rC+ rF+, Drain Str+3 Int+3}
 58217 | Swamp:2  | Noticed Aizul
 58224 | Swamp:2  | HP: 4/127 [Aizul/bolt of poison (15)]
 58224 | Swamp:2  | HP: 1/127 [spriggan rider/+0 spear (3)]
 58225 | Swamp:2  | Slain by a spriggan rider

Illustrated notes

Levels and vault maps discovered:
D:1:      dpeg_arrival_chambers_temple_mockup, layout_basic, serial_shops, shop,
          roderic_lattice_a
D:2:      minmay_roachtagon, layout_loops_ring, basic_altar
D:3:      layout_basic, gup_sewer_entry_bowl, minmay_fractal_squares_diagonal_5
D:4:      layout_loops_ring, serial_bayou_pond_e
D:5:      layout_cave_pods, serial_shops, nicolae_diamond_shop
D:6:      layout_gridville
D:7:      layout_loops_corners, mainiacjoe_overflow_boulevard,
          lemuel_temple_firewalk_b, eino_tiny_chamber
D:8:      layout_basic
D:9:      kennysheep_seaside_town, layout_stronghold,
          nicolae_qazlal_scattered_showers, mainiacjoe_overflow_surrounded_room
D:10:     layout_loops_corners, serial_shops, shop, enter_bailey_2,
          kennysheep_generic_room_5
D:11:     layout_irregular_city, david_lair_generic, serial_column_ruins,
          column_ruins_columns_dead_end, column_ruins_grid_1,
          column_ruins_corridor_dead_end, column_ruins_columns_dead_end,
          column_ruins_open_small, column_ruins_grid_3
D:12:     kennysheep_treasure_stockpile, layout_basic, uniq_josephine
D:13:     layout_rooms, palyth_stone_intersect, kennysheep_cross_bottleneck,
          uniq_lodul, uniq_jorgrun
D:14:     nicolae_aperiodic_l_corner, layout_loops_corners, david_vaults_1,
          serial_shops, nicolae_shop_behind_doors, nicolae_letterblocks
          [nicolae_letter_subblock, nicolae_letter_subblock,
          nicolae_letter_subblock, nicolae_letter_subblock,
          nicolae_letter_subblock, nicolae_letter_subblock,
          nicolae_letter_subblock, nicolae_letter_subblock,
          nicolae_letter_subblock, nicolae_letter_subblock,
          nicolae_letter_subblock, nicolae_letter_subblock,
          nicolae_letter_subblock, nicolae_letter_subblock,
          nicolae_letter_subblock, nicolae_letter_subblock,
          nicolae_letter_subblock, nicolae_letter_subblock,
          nicolae_letter_subblock, nicolae_letter_subblock,
          nicolae_letter_subblock, nicolae_letter_subblock,
          nicolae_letter_subblock, nicolae_letter_subblock,
          nicolae_letter_subblock]
D:15:     grunt_enter_depths_hoard, layout_irregular_city, serial_shops,
          nicolae_shop_tiny_real_fake_doors, nzn_wu_jian_council_hall,
          uniq_louise
Lair:1:   lemuel_slime, layout_hall_layers, gauntlet_entry_generic
Lair:2:   layout_chaotic_city, nicolae_swamp_entry_spooky,
          portal_ice_cave_demonic_guard, ebering_ghost_funeral_grove,
          uniq_maggie
Lair:3:   layout_hall_layers, spider_nest_entry_a, grunt_forest_stairs_basic
Lair:4:   layout_gridlike, minmay_slime_entry_pillars, ice2_lemuel
Lair:5:   minmay_lair_end_enchanted_forest, layout_hall_layers,
          lemuel_old_faithful
Swamp:1:  nicolae_swamp_secret_spriggan_hideout, layout_basic_swamp,
          evilmike_swamp_ruin_rubble_2
Swamp:2:  layout_falls_marsh, nicolae_swamp_big_swirl, uniq_aizul
Orc:1:    layout_diamond_mine, david_defended_altar_orc
Orc:2:    grunt_orc_cross, layout_caves, uniq_urug, uniq_saint_roka

Skill      XL: |  1  2  3  4  5  6  7  8  9 10 11 12 13 14 15 16 |
---------------+-------------------------------------------------+-----
Hexes          | 2 3 4 5 6 7 8 9 |  9.9
Spellcasting   | 5 6 7 8 9 10 11 12 | 12.4
Short Blades   | 1 2 3 4 5 6 8 9 10 11 | 11.4
Long Blades    | 1 2 3 4 5 6 8 9 10 11 | 11.4
Axes           | 1 2 3 4 5 6 8 9 10 11 | 11.4
Maces & Flails | 1 2 3 4 5 6 8 9 10 11 | 11.4
Polearms       | 1 2 3 4 5 6 8 9 10 11 | 11.4
Staves         | 1 2 3 4 5 6 8 9 10 11 | 11.4
Ranged Weapons | 1 2 3 4 5 6 8 9 10 11 | 11.4
Armour         | 1 2 3 4 5 6 8 9 10 11 | 11.4
Shields        | 1 2 3 4 5 6 8 9 10 11 | 11.4
Unarmed Combat | 1 2 3 4 5 6 8 9 10 11 | 11.4
Evocations     | 1 2 3 4 5 6 8 9 10 11 | 11.4
Conjurations   | 1 2 3 4 5 6 7 8 9 |  9.6
Summonings     | 1 2 3 4 5 6 7 8 9 |  9.6
Necromancy     | 1 2 3 4 5 6 7 8 9 |  9.6
Translocations | 1 2 3 4 5 6 7 8 9 |  9.6
Transmutations | 1 2 3 4 5 6 7 8 9 |  9.6
Fire Magic     | 1 2 3 4 5 6 7 8 9 |  9.6
Ice Magic      | 1 2 3 4 5 6 7 8 9 |  9.6
Air Magic      | 1 2 3 4 5 6 7 8 9 |  9.6
Earth Magic    | 1 2 3 4 5 6 7 8 9 |  9.6
Poison Magic   | 1 2 3 4 5 6 7 8 9 |  9.6
Shapeshifting  | 1 2 3 4 5 6 7 8 9 |  9.6
Fighting       | 3 4 5 6 7 8 9 10 11 | 11.7
Dodging        | 3 4 5 6 7 8 9 10 11 | 11.7
Invocations    | 3 4 5 6 7 8 9 10 11 12 | 12.7
Stealth        | 3 4 5 6 7 8 9 10 11 | 11.7
Throwing       | 7 8 9 10 11 12 13 | 13.1

Action                     |  1- 3 |  4- 6 |  7- 9 | 10-12 | 13-15 | 16-18 || total
---------------------------+-------+-------+-------+-------+-------+-------++-------
  Melee: Dagger            |    47 |       |    12 |    20 |     3 |       ||    82
         Bite              |    11 |    30 |    22 |    66 |    99 |    28 ||   256
         Staff             |   114 |   221 |     6 |       |   124 |       ||   465
         Punch             |     4 |     4 |     4 |    10 |    50 |     3 ||    75
         Long sword        |       |    64 |   207 |     9 |    57 |    19 ||   356
         Battleaxe         |       |       |       |    85 |       |       ||    85
         Trident           |       |       |       |   237 |   170 |       ||   407
         Broad axe         |       |       |       |     6 |    74 |       ||    80
         Unarmed           |       |       |       |       |     8 |       ||     8
         Constrict         |       |       |       |       |     1 |       ||     1
         War axe           |       |       |       |       |   157 |    27 ||   184
         Rapier            |       |       |       |       |     9 |     5 ||    14
         Great sword       |       |       |       |       |    28 |   113 ||   141
         Demon whip        |       |       |       |       |    22 |     3 ||    25
   Fire: Shortbow          |       |    71 |    51 |       |       |       ||   122
         Orcbow            |       |       |    55 |   101 |   240 |       ||   396
         Arbalest          |       |       |       |       |   150 |    85 ||   235
  Throw: Stone             |       |     2 |     3 |     1 |     3 |     1 ||    10
         Dart              |       |     4 |     5 |     8 |     3 |     1 ||    21
   Cast: Slow              |    33 |    57 |    71 |   117 |   145 |    44 ||   467
         Gell's Gravitas   |       |       |    17 |     5 |    20 |     1 ||    43
         Tukima's Dance    |       |       |    22 |    26 |    11 |     3 ||    62
         Passage of Golubr |       |       |     1 |     6 |     4 |       ||    11
         Teleport Other    |       |       |     1 |     6 |     3 |       ||    10
         Yara's Violent Un |       |       |       |    15 |    27 |     3 ||    45
         Vampiric Draining |       |       |       |     9 |    46 |    15 ||    70
         Agony             |       |       |       |       |     5 |     4 ||     9
         Fireball          |       |       |       |       |    13 |    16 ||    29
         Airstrike         |       |       |       |       |       |     9 ||     9
         Stone Arrow       |       |       |       |       |       |     2 ||     2
 Invoke: Slouch            |       |       |       |     2 |     3 |       ||     5
         Temporal Distorti |       |       |       |       |       |     1 ||     1
  Evoke: Wand              |       |       |     1 |     4 |    18 |       ||    23
         Tin of tremorston |       |       |       |       |     1 |       ||     1
    Use: Scroll            |     3 |     7 |     8 |    15 |    13 |     5 ||    51
         Potion            |       |       |     9 |     1 |    10 |     8 ||    28
   Stab: Sleeping          |     3 |       |     3 |     9 |     3 |       ||    18
         Distracted        |       |       |     1 |       |     3 |     1 ||     5
 Armour: Robe              |    63 |       |       |       |       |       ||    63
         Leather armour    |       |    98 |    66 |       |       |       ||   164
         Steam dragon scal |       |       |    20 |    86 |       |       ||   106
         Swamp dragon scal |       |       |       |    16 |   121 |       ||   137
         Skin              |       |       |       |       |     1 |       ||     1
         Plate armour      |       |       |       |       |    48 |       ||    48
         Chain mail        |       |       |       |       |   154 |   151 ||   305
  Dodge: Dodged            |   124 |   205 |   245 |   460 |   833 |   282 ||  2149
  Block: Tower shield      |       |       |       |       |    31 |    57 ||    88
         Form:             |       |       |       |       |     3 |       ||     3
         Blade             |       |       |       |       |     1 |       ||     1
         Anaconda          |       |       |       |       |     1 |       ||     1
         Beast             |       |       |       |       |     1 |       ||     1

Table legend: (Time is in decaauts)
 A = Elapsed time spent in this place.
 B = Non-inter-level travel time spent in this place.
 C = Inter-level travel time spent in this place.
 D = Time resting spent in this place.
 E = Time spent auto-exploring this place.
 F = Levels seen in this place.
 G = Mean time per level.
                   A        B        C        D        E       F      G
               +--------+--------+--------+--------+--------+-----+--------+
         Total |  78393 |  73360 |   5033 |  28820 |  12020 |  24 | 3266.4 |
       Dungeon |  47135 |  43396 |   3739 |  16225 |   8217 |  15 | 3142.3 |
          Lair |  18717 |  17632 |   1085 |   6839 |   2300 |   5 | 3743.4 |
         Swamp |   5117 |   5054 |     63 |   2405 |    572 |   2 | 2558.5 |
  Orcish Mines |   7422 |   7277 |    145 |   3350 |    930 |   2 | 3711.0 |
               +--------+--------+--------+--------+--------+-----+--------+

Top non-repeatable levels by time:
    D:12: 6485 daAuts
    D:14: 6337 daAuts
  Lair:5: 4484 daAuts
   Orc:2: 4304 daAuts
  Lair:4: 4248 daAuts
  Lair:2: 4043 daAuts
     D:9: 4022 daAuts
    D:10: 3817 daAuts
 Swamp:1: 3577 daAuts
    D:11: 3304 daAuts
  Lair:3: 3196 daAuts
   Orc:1: 3118 daAuts
    D:15: 3016 daAuts
  Lair:1: 2744 daAuts
     D:7: 2698 daAuts
